 Dungeon Crawl Stone Soup version 0.32-a0-799-g95e1662365 (webtiles) character file.

Game seed: 14633608772547489391

120 adelrune the Chopper (level 4, 0/34 HPs)
             Began as a Demonspawn Gladiator on Mar 21, 2024.
             Slain by an iguana (6 damage)
             ... on level 4 of the Dungeon.
             The game lasted 00:03:39 (2376 turns).

adelrune the Chopper (Demonspawn Gladiator)         Turns: 2376, Time: 00:03:40

Health: 0/34       AC: 14    Str: 17    XL:     4   Next: 75%
Magic:  4/4        EV:  4    Int: 14    God:
Gold:   186        SH:  0    Dex: 14    Spells: 3/3 levels left

rFire   . . .        a - +0 war axe
rCold   . . .        (no shield)
rNeg    . . .        o - +0 plate armour
rPois   .            c - +0 helmet
rElec   .            (no cloak)
rCorr   .            (no gloves)
SInv    .            s - +0 pair of boots
Will    .....        (no amulet) Stlth
                     h - +6 ring of intelligence
HPRegen 0.25/turn    (no ring)
MPRegen 0.09/turn

%: no passive effects
@: no status effects
A: molten scales 1, foul stench 1
a: no special abilities


You were on level 4 of the Dungeon.
You visited 1 branch of the dungeon, and saw 4 of its levels.

You collected 186 gold pieces.

Inventory:

Hand Weapons
 a - a +0 war axe (weapon)
Missiles
 d - a throwing net (quivered)
 e - 7 javelins
 v - 2 boomerangs
Armour
 b - a +0 leather armour
 c - a +0 helmet (worn)
 o - a +0 plate armour (worn)
 s - a +0 pair of boots (worn)
Jewellery
 h - a +6 ring of intelligence (left hand)
Scrolls
 f - 3 scrolls of identify
 l - a scroll of vulnerability {unknown}
 p - a scroll of poison {unknown}
 q - a scroll of silence {unknown}
 u - 2 scrolls of revelation {unknown}
 w - a scroll of amnesia {unknown}
Potions
 g - 4 potions of curing
 i - 2 potions of enlightenment {unknown}
 j - 3 potions of haste {unknown}
 k - a potion of brilliance {unknown}
 m - a potion of magic {unknown}
 n - a potion of might {unknown}
 r - 2 potions of degeneration {unknown}
 t - a potion of heal wounds {unknown}


   Skills:
 + Level 2.9 Fighting
 * Level 4.1 Axes
 - Level 1.7 Throwing
 + Level 1.7 Armour
 - Level 2.6 Dodging


You had 3 spell levels left.
You didn't know any spells.
Your spell library contained the following spells:

 Spells                   Type           Power      Damage    Failure   Level
 Apportation              Tloc           0%         N/A       100%        1
 Necrotise                Necr           0%         1d4       100%        1
 Sting                    Conj/Alch      0%         1d3       100%        1
 Summon Small Mammal      Summ           0%         N/A       100%        1
 Blink                    Tloc           0%         N/A       100%        2
 Lesser Beckoning         Tloc           0%         N/A       100%        2
 Momentum Strike          Conj/Tloc      0%         3d8       100%        2
 Hailstorm                Conj/Ice       0%         3d5       100%        3
 Summon Ice Beast         Ice/Summ       0%         N/A       100%        3
 Permafrost Eruption      Ice/Erth       0%         2x4d2     100%        6
 Sculpt Simulacrum        Ice/Alch       0%         N/A       100%        6


Dungeon Overview and Level Annotations

Branches:
Dungeon (4/15)
 Temple: D:4-7

Altars:
Trog


Innate Abilities, Weirdness & Mutations

You are partially covered in molten scales. (AC +2)
You may rarely emit foul miasma when damaged in melee.


Message History

You hit the iguana.
The iguana is moderately wounded.
The iguana bites you but does no damage.
You barely miss the iguana.
The iguana is moderately wounded.
The iguana bites you but does no damage. x2
You hit the iguana but do no damage.
The iguana is moderately wounded.
The iguana bites you.
You are too injured to fight recklessly!
You are too injured to fight recklessly!
You are too injured to fight recklessly!
You hit the iguana.
The iguana is severely wounded.
The iguana bites you!
* * * LOW HITPOINT WARNING * * *
You hit the iguana but do no damage.
The iguana is severely wounded.
The iguana barely misses you. The iguana closely misses you.
You closely miss the iguana.
The iguana is severely wounded.
The iguana bites you.
* * * LOW HITPOINT WARNING * * *
Throw: 2 boomerangs
Press: ? - help, Q - select action, (/) - cycle Shift-Dir - straight line, f - iguana
Aim: an iguana (severely wounded, 60% to hit)
Okay, then.
Throw: 3 throwing nets
Press: ? - help, Q - select action, (/) - cycle Shift-Dir - straight line, f - iguana
Aim: an iguana (severely wounded, 60% to hit)
You throw a throwing net.
The throwing net completely misses the iguana.
The iguana bites you but does no damage.
Throw: 2 throwing nets
Press: ? - help, Q - select action, (/) - cycle Shift-Dir - straight line, f/p - iguana
Aim: an iguana (severely wounded, 60% to hit)
You throw a throwing net.
The throwing net closely misses the iguana.
The iguana bites you.
You die...

####### #### ..#.. ..#
#.#.#####.#
###.####.#.#...#.#####
(.....l@.........)...#
###...##.#.#...#.###.#
#....
...#.#####.###.###
#.#.##.#####..
..........# ## ##.#.
#.### #######.###.#.#
.# .......)..#
#.###.#.#
.#.#####...##.#.#
#.##.<#.#
.#.#...#...##.#.#######
#.##.##.#
.#.#..........#.#.....#
#.##.##.#


You could see an iguana.

Vanquished Creatures
  A phantom (D:4)
  2 dart slugs
  An orc (D:3)
  3 ball pythons
  6 endoplasms
  A giant cockroach (D:4)
  7 goblins
  8 hobgoblins
  2 jackals (D:1)
  4 kobolds
  2 quokkas
  2 bats (D:1)
  2 frilled lizards
  3 rats
44 creatures vanquished.

Notes
Turn   | Place    | Note
-------+----------+-------------------------------------------
     0 | D:1      | adelrune the Demonspawn Gladiator began the quest for the
                  | Orb.
     0 | D:1      | Reached XP level 1. HP: 16/16 MP: 1/1
   100 | D:1      | Reached skill level 3 in Axes
   100 | D:1      | Gained mutation: You are partially covered in molten
                  | scales. (AC +2) [demonic ancestry]
   100 | D:1      | Reached XP level 2. HP: 20/22 MP: 2/2
   532 | D:1      | Reached skill level 1 in Armour
   750 | D:1      | Gained mutation: You may rarely emit foul miasma when
                  | damaged in melee. [demonic ancestry]
   750 | D:1      | Reached XP level 3. HP: 28/28 MP: 3/3
  1680 | D:3      | Found a bloodstained altar of Trog.
  2130 | D:4      | Noticed a phantom
  2139 | D:4      | Killed a phantom
  2140 | D:4      | Reached skill level 4 in Axes
  2140 | D:4      | Reached XP level 4. HP: 19/34 MP: 4/4
  2376 | D:4      | Slain by an iguana

Illustrated notes

Levels and vault maps discovered:
D:1:      lightli_arrival_windingriver, layout_loops_ring,
          minmay_strange_pillars, minivault_25
D:2:      layout_loops_cross, minmay_tromino_v4_b
D:3:      layout_basic, mainiacjoe_overflow_chevrons
D:4:      layout_loops_cross, mainiacjoe_overflow_paths, supply_closet_lemuel,
          uniq_edmund

Skill      XL: |  1  2  3 |
---------------+----------+-----
Axes           | 3 4 |  4.1
Armour         | 1 |  1.7
Fighting       | |  2.9
Throwing       | |  1.7
Dodging        | |  2.6

Action                     |  1- 3 |  4- 6 || total
---------------------------+-------+-------++-------
  Melee: War axe           |   106 |    11 ||   117
  Throw: Throwing net      |       |     2 ||     2
    Use: Scroll            |     1 |       ||     1
 Armour: Leather armour    |    35 |       ||    35
         Plate armour      |    65 |    12 ||    77
  Dodge: Dodged            |    51 |     4 ||    55

Table legend: (Time is in decaauts)
 A = Elapsed time spent in this place.
 B = Non-inter-level travel time spent in this place.
 C = Inter-level travel time spent in this place.
 D = Time resting spent in this place.
 E = Time spent auto-exploring this place.
 F = Levels seen in this place.
 G = Mean time per level.
                   A        B        C        D        E       F      G
               +--------+--------+--------+--------+--------+-----+--------+
         Total |   2416 |   2335 |     81 |     98 |   1893 |   4 |  604.0 |
       Dungeon |   2416 |   2335 |     81 |     98 |   1893 |   4 |  604.0 |
               +--------+--------+--------+--------+--------+-----+--------+

Top non-repeatable levels by time:
     D:1: 844 daAuts
     D:2: 694 daAuts
     D:3: 596 daAuts
     D:4: 281 daAuts
